Map: Thunderbird LE

Players

Blade

  • Race: Protoss Protoss
  • League: Silver
  • Spawn Location: 11:00

TiPtOP - Winner!

  • Race: Terran Terran
  • League: Silver
  • Spawn Location: 5:00

VOD

Have the link to the VOD?

Description

Time

  • Played on: Aug. 19, 2019, 7:44 p.m.
  • Length: 28:48
Show
View Real Time Build Order
Export as new Build Order

Blade Protoss 

Build Orders: 1 Gate Expand 

Get SALT Encoding   

  12  0:01  Probe  
  13  0:13  Probe  
  14  0:24  Pylon  
  14  0:25  Probe  
  15  0:39  Probe  
  16  0:43  Gateway  
  16  0:47  Probe  
  16  0:49  Assimilator  
  16  0:56  Probe  
  18  1:08  Probe  
  19  1:31  Probe  
  20  1:33  Nexus  
  20  1:42  Cybernetics Core  
  20  1:47  Probe  
  21  1:58  Warp Gate  
  21  2:00  Probe  
  22  2:12  Probe  
  22  2:13  Pylon  
  23  2:25  Pylon  
  23  2:31  Stalker  
  23  2:36  Probe  
  26  2:50  Probe  
  27  2:51  Robotics Facility  
  27  2:54  Probe  
  28  3:00  Adept  
  28  3:02  Probe x2  
  32  3:14  Probe  
  32  3:18  Probe  
  33  3:26  Probe x2  
  36  3:35  Probe  
  36  3:38  Probe  
  36  3:39  Observer  
  39  3:47  Probe  
  40  3:50  Probe  
  40  3:51  Gateway x2  
  41  3:55  Probe  
  41  4:01  Pylon  
  42  4:03  Probe x2  
  42  4:05  Sentry  
  46  4:13  Probe  
  46  4:14  Assimilator  
  46  4:15  Assimilator  
  47  4:18  Immortal  
  47  4:20  Probe, Assimilator  
  47  4:21  Pylon  
  48  4:25  Probe  
  53  4:32  Probe  
  53  4:37  Probe  
  55  4:42  Pylon  
  55  4:44  Probe  
  55  4:45  Gateway  
  56  4:47  Gateway  
  56  4:50  Gateway  
  57  4:52  Probe  
  57  4:59  Zealot, Sentry  
  61  5:01  Probe  
  61  5:04  Probe  
  63  5:09  Probe  
  63  5:16  Probe  
  63  5:19  Probe  
  64  5:25  Observer  
  64  5:28  Probe  
  67  5:29  Nexus  
  67  5:35  Twilight Council  
  67  5:36  Gateway  
  67  5:38  Gateway  
  67  5:39  Gateway  
  67  5:40  Pylon  
  67  5:41  Pylon  
  67  5:56  Pylon  
  67  6:01  Gateway  
  67  6:04  Gateway  
  67  6:08  Forge  
  67  6:14  Shield Battery  
  67  6:16  Probe x2  
  69  6:24  Probe  
  69  6:25  Pylon  
  69  6:26  Resonating Glaives  
  69  6:28  Pylon  
  69  6:32  Pylon  
  70  6:33  Probe  
  71  6:40  Stalker x3  
  71  6:41  Stalker x4  
  71  6:43  Probe  
  86  6:51  Protoss Ground Weapons Level 1  
  86  6:52  Immortal  
  90  7:00  Photon Cannon  
  90  7:01  Shield Battery  
  90  7:07  Probe, Pylon  
  91  7:09  Probe  
  91  7:10  Probe  
  93  7:18  Probe  
  93  7:20  Probe, Assimilator  
  93  7:21  Probe  
  96  7:25  Assimilator  
  96  7:27  Sentry  
  96  7:28  Stalker, Sentry, Probe  
  102  7:33  Probe  
  102  7:35  Pylon  
  104  7:38  Photon Cannon  
  104  7:40  Probe  
  104  7:42  Photon Cannon  
  105  7:55  Probe  
  106  8:03  Pylon  
  106  8:07  Pylon  
  106  8:10  Photon Cannon  
  106  8:12  Zealot  
  106  8:13  Zealot x2  
  106  8:14  Photon Cannon, Shield Battery  
  106  8:15  Pylon  
  106  8:16  Adept x3  
  106  8:37  Immortal  
  108  8:58  Robotics Facility  
  108  9:05  Robotics Facility  
  108  9:06  Immortal  
  108  9:09  Probe  
  109  9:10  Stargate  
  113  9:21  Probe  
  114  9:33  Probe  
  115  9:39  Immortal, Nexus  
  115  9:41  Pylon  
  115  9:43  Pylon  
  115  9:45  Probe  
  115  9:46  Immortal  
  115  9:47  Pylon  
  123  9:55  Probe  
  124  10:07  Probe  
  124  10:09  Immortal, Protoss Ground Armor Level 1  
  124  10:11  Void Ray  
  133  10:16  Sentry x2  
  133  10:17  Zealot, Sentry  
  133  10:18  Stalker  
  133  10:19  Adept x4, Probe  
  133  10:20  Adept x2  
  156  10:31  Probe  
  157  10:38  Fleet Beacon  
  157  10:41  Forge, Pylon  
  157  10:55  Immortal  
  161  10:57  Immortal  
  161  10:59  Immortal  
  169  11:08  Protoss Ground Weapons Level 2  
  169  11:09  Sentry  
  169  11:10  Sentry  
  169  11:11  Adept  
  175  11:12  Adept x3  
  175  11:13  Adept x2  
  185  11:25  Probe  
  186  11:37  Probe  
  187  11:43  Probe  
  187  11:45  Probe  
  189  11:49  Probe  
  189  11:51  Probe  
  189  11:53  Immortal  
  194  11:55  Immortal  
  194  12:00  Probe  
  199  12:06  Pylon  
  99  12:56  Immortal  
  97  12:58  Immortal  
  97  13:01  Immortal  
  97  13:02  Protoss Ground Armor Level 2  
  97  13:03  Sentry x4  
  97  13:04  Sentry  
  111  13:13  Templar Archives  
  111  13:20  Tempest  
  116  13:29  Stargate  
  116  13:34  Photon Cannon  
  116  13:35  Immortal  
  116  13:36  Stalker x3  
  116  13:37  Stalker x3, Immortal  
  116  13:38  Immortal, Photon Cannon, Adept x2  
  116  13:39  Adept x2, Shield Battery  
  148  14:01  Shield Battery  
  148  14:03  Tempest  
  148  14:04  Shield Battery  
  148  14:06  Shield Battery  
  148  14:08  Photon Cannon  
  153  14:10  Immortal  
  153  14:11  Photon Cannon  
  153  14:15  Immortal  
  157  14:19  Immortal  
  84  14:59  Stalker x2  
  88  15:00  Stalker x2  
  88  15:01  Stalker x3  
  88  15:02  Stalker x4  
  110  15:07  Immortal  
  110  15:08  Immortal  
  110  15:13  Tempest  
  107  15:29  Stalker x4  
  107  15:30  Stalker x5  
  107  15:31  Stalker  
  127  15:51  Nexus  
  127  15:56  Probe  
  128  16:08  Probe  
  129  16:23  Nexus  
  129  16:27  Probe  
  129  16:31  High Templar  
  129  16:32  High Templar  
  134  16:33  High Templar x2  
  134  16:34  High Templar  
  134  16:35  High Templar  
  134  16:36  High Templar  
  134  16:38  Tempest  
  134  16:39  Probe  
  150  16:44  Phoenix  
  152  16:55  Pylon  
  152  16:57  Pylon  
  152  17:05  Immortal  
  156  17:18  Pylon  
  156  17:20  Pylon  
  156  17:21  Phoenix  
  158  17:23  Photon Cannon  
  158  17:25  Photon Cannon  
  158  17:26  Probe  
  158  17:27  Shield Battery  
  159  17:31  Assimilator  
  159  17:35  Assimilator, Probe  
  160  17:38  Probe  
  161  17:47  Immortal, Probe  
  166  17:52  Probe  
  167  17:59  Probe, Mothership  
  176  18:08  Carrier  
  182  18:19  Probe  
  183  18:23  High Templar  
  183  18:24  High Templar, Probe  
  183  18:26  Probe  
  188  18:33  Probe, Assimilator  
  189  18:36  Assimilator  
  190  18:42  Probe  
  190  18:44  Shield Battery  
  190  18:46  Photon Cannon  
  191  18:55  Probe  
  158  19:15  Tempest  
  133  19:19  Archon x2  
  109  19:24  Tempest  
  99  19:40  Stalker x5  
  99  19:41  Stalker  
  99  19:43  Stalker x3  
  99  19:44  Stalker x2  
  121  19:56  Photon Cannon  
  121  20:00  Photon Cannon  
  121  20:02  Pylon  
  121  20:05  Pylon  
  121  20:07  Stargate  
  121  20:10  Stalker x2  
  125  20:15  Stalker  
  125  20:16  Stalker x2  
  131  20:44  High Templar  
  131  20:45  High Templar  
  135  20:51  Nexus  
  135  20:56  Assimilator  
  135  20:58  Assimilator  
  135  21:03  Tempest  
  140  21:12  Tempest  
  116  21:52  Stalker  
  116  21:53  Stalker x4  
  116  21:54  Stalker x4  
  114  22:21  Fleet Beacon  
  97  23:12  Tempest  
  97  23:14  Tempest  
  97  23:17  Tempest  
  107  23:22  Stargate  
  107  23:23  Stargate  
  107  23:25  Stargate  
  107  23:26  Stalker x3  
  113  23:27  Stalker x3  
  113  23:28  Stalker x3  
  113  23:29  Stalker x2  
  125  24:02  Tempest  
  124  24:04  Tempest  
  124  24:09  Tempest  
  139  24:12  Tempest  
  142  24:34  Stalker x2  
  134  24:44  Stalker  
  134  24:45  Stalker x2  
  137  24:46  Stalker  
  82  25:39  Tempest  
  82  25:41  Tempest  
  92  25:43  Tempest  
  93  26:02  Probe  
  91  26:07  Probe  
  91  26:10  Probe  
  92  26:15  Probe  
  84  26:20  Probe  
  84  26:26  Probe  
  84  26:32  Probe  
  81  26:38  Probe  
  81  26:44  Probe  
  81  26:46  Probe x2  
  85  26:56  Probe  
  85  26:58  Probe  
  87  27:08  Probe  
  88  27:09  Unknown  
  88  27:10  Probe  
  88  27:13  Unknown  
  89  27:20  Probe  
  78  27:23  Probe  
  78  27:29  Tempest x3  
  92  27:35  Probe  
  93  27:39  Gateway  
  93  27:40  Gateway  
  93  27:42  Gateway  
  93  27:58  Nexus  
  84  28:02  Tempest  
  84  28:04  Tempest  
  94  28:08  Probe  
  94  28:16  Probe  
  94  28:19  Stalker x3  
Show
View Real Time Build Order
Export as new Build Order

TiPtOP Terran - Winner!

Build Orders: Mech 

Get SALT Encoding   

  12  0:01  SCV  
  13  0:13  SCV  
  14  0:18  Supply Depot  
  14  0:25  SCV  
  15  0:40  SCV  
  15  0:42  Barracks  
  16  0:49  Refinery  
  16  0:52  SCV  
  17  1:04  SCV  
  18  1:17  SCV  
  19  1:29  Marine  
  20  1:35  Orbital Command  
  20  1:47  Command Center  
  20  1:57  Barracks Tech Lab  
  20  2:02  Factory  
  20  2:07  SCV  
  21  2:08  Refinery  
  21  2:19  SCV  
  22  2:31  SCV  
  23  2:40  Engineering Bay  
  23  2:54  Supply Depot  
  23  2:59  Siege Tank  
  23  3:00  Orbital Command, Supply Depot  
  23  3:04  SCV  
  27  3:15  Missile Turret  
  27  3:19  SCV  
  28  3:31  Siege Tank, SCV  
  28  3:33  SCV  
  33  3:41  Missile Turret  
  33  3:43  SCV  
  33  3:45  SCV  
  36  3:55  SCV  
  36  3:57  SCV  
  37  4:06  Factory  
  37  4:07  Factory, SCV  
  38  4:17  Supply Depot  
  38  4:21  Siege Tank  
  41  4:32  SCV x2  
  41  4:33  Armory  
  43  4:38  Refinery  
  43  4:44  SCV x2  
  45  4:54  Siege Tank  
  45  4:56  SCV  
  45  4:57  Supply Depot  
  49  5:00  Supply Depot  
  49  5:02  Supply Depot  
  49  5:05  Factory Tech Lab  
  49  5:06  Factory Reactor  
  49  5:16  SCV x2  
  51  5:26  Command Center  
  51  5:28  SCV x2  
  53  5:32  Missile Turret  
  53  5:40  SCV x2  
  55  5:47  Hellion, Hellbat  
  59  5:52  SCV  
  59  5:53  Supply Depot  
  60  5:57  Hellion x2  
  60  5:58  Supply Depot x2  
  60  6:02  SCV  
  60  6:03  Refinery  
  61  6:04  SCV  
  62  6:14  Thor x2, SCV  
  75  6:24  Terran Vehicle Weapons Level 1  
  75  6:28  SCV x2, Armory  
  77  6:40  SCV x2  
  79  7:10  Missile Turret, Terran Infantry Weapons Level 1  
  79  7:18  Orbital Command  
  79  7:20  SCV  
  79  7:21  SCV  
  81  7:32  SCV  
  81  7:33  SCV  
  83  7:42  Thor x2  
  95  7:44  SCV, Hellbat x2  
  100  8:03  SCV x3  
  100  8:04  Refinery x2  
  103  8:11  Command Center  
  103  8:15  SCV x3  
  103  8:18  Factory  
  106  8:21  Factory  
  106  8:24  Factory  
  106  8:25  Thor  
  97  8:52  Siege Tank  
  97  8:54  Hellion, Hellbat  
  104  9:08  Siege Tank  
  107  9:15  Hellbat x2  
  111  9:21  Sensor Tower  
  111  9:22  Missile Turret  
  111  9:23  Missile Turret, Thor  
  117  9:25  Factory Tech Lab x2  
  117  9:26  Factory Reactor  
  117  9:35  Infernal Pre-Igniter  
  117  9:36  Hellbat  
  117  9:37  Hellbat  
  121  9:40  Thor  
  127  9:58  Hellbat  
  129  10:06  Thor  
  135  10:37  Hellbat x2  
  139  10:49  Thor  
  147  10:50  Hellbat  
  147  10:54  Supply Depot x2  
  147  10:56  Supply Depot x2  
  147  10:57  Planetary Fortress  
  147  11:02  Hellion  
  147  11:15  Thor  
  147  11:16  Thor, Hellbat x2  
  147  11:17  Thor, Terran Vehicle Weapons Level 2, Terran Vehicle And Ship Armor Level 1  
  169  11:22  Hellion x8  
  169  11:23  Hellion x4  
  169  11:32  Thor  
  175  11:58  Hellbat x2  
  179  12:05  Supply Depot  
  179  12:06  Supply Depot  
  179  12:08  Supply Depot x2  
  179  12:18  SCV  
  180  12:23  Refinery  
  180  12:26  Refinery  
  180  12:27  Thor, Hellbat  
  180  12:28  SCV x2  
  160  12:49  Thor, Hellbat x4  
  160  12:50  Hellbat  
  144  12:59  Command Center  
  144  13:01  Command Center  
  144  13:03  Hellbat  
  146  13:10  Hellbat x2  
  146  13:11  Hellbat x3  
  146  13:12  Terran Vehicle And Ship Armor Level 2  
  156  13:29  Starport x2  
  156  13:33  Starport  
  156  14:07  SCV  
  156  14:08  SCV x2  
  159  14:19  SCV  
  159  14:20  SCV  
  159  14:23  Refinery  
  118  15:11  Starport Tech Lab  
  118  15:12  Starport Tech Lab  
  118  15:18  Starport Tech Lab  
  96  15:25  Fusion Core  
  68  15:30  Starport  
  68  15:31  Starport  
  68  15:37  Starport  
  68  15:44  Planetary Fortress  
  68  15:52  Command Center  
  68  16:14  Battlecruiser x3  
  68  16:16  Starport Tech Lab  
  86  16:29  Hellion x3, Thor  
  86  16:30  Thor, Hellbat x3  
  110  16:38  Starport Tech Lab  
  110  16:40  Terran Vehicle Weapons Level 3  
  110  16:43  Terran Vehicle And Ship Armor Level 3  
  110  16:50  Thor  
  110  16:51  Siege Tank  
  110  16:53  Planetary Fortress  
  119  17:00  SCV x3  
  122  17:12  SCV x2  
  122  17:13  Siege Tank x2  
  130  17:18  Sensor Tower, Refinery, Battlecruiser x2  
  130  17:19  Battlecruiser  
  130  17:22  Refinery  
  148  17:23  Siege Tank  
  148  17:24  Missile Turret  
  148  17:27  Missile Turret  
  151  17:46  Missile Turret  
  151  17:55  Missile Turret  
  151  18:04  Hellion x3  
  151  18:17  Missile Turret  
  151  18:18  Orbital Command  
  151  18:23  Battlecruiser x3  
  169  18:38  Missile Turret  
  169  18:41  Weapon Refit  
  141  19:27  Battlecruiser x3  
  151  20:16  Battlecruiser  
  151  20:20  Starport Tech Lab  
  159  20:21  Battlecruiser  
  159  20:31  Battlecruiser x3  
  177  20:35  Terran Ship Weapons Level 1  
  177  20:44  Battlecruiser  
  183  21:16  Command Center  
  183  21:20  Battlecruiser  
  183  21:23  Refinery  
  195  21:25  Battlecruiser  
  195  21:26  Refinery  
  171  22:14  Battlecruiser x3  
  171  22:15  Battlecruiser  
  183  22:24  Battlecruiser  
  189  22:46  Orbital Command  
  183  23:12  Battlecruiser  
  189  23:18  Battlecruiser  
  195  23:33  Missile Turret  
  195  23:34  Missile Turret x2  
  195  24:01  Terran Ship Weapons Level 2  
  195  24:18  Command Center  
  171  25:10  Battlecruiser  
  171  25:11  Battlecruiser x4  
  189  25:30  Battlecruiser  
  177  25:57  Liberator  
  175  26:06  Orbital Command  
  175  26:07  Unknown  
  175  26:11  SCV x2  
  168  26:15  Battlecruiser  
  155  26:42  Battlecruiser  
  152  27:30  Battlecruiser  
  158  27:38  Command Center  
  158  27:52  Command Center  
  158  28:29  Unknown  
  158  28:31  Unknown  
Tags
 
Add a new tag
Caveats
  • Supply blocks, unpowered buildings, or Contaminate may cause inaccurate times.
  • Supply counts are checked every 10 seconds.